 Dungeon Crawl Stone Soup version 0.21-a0-584-g185da8e (console) character file.

210 nht the Archer (level 5, 0/41 HPs)
             Began as a Centaur Hunter on Dec 21, 2017.
             Succumbed to a worker ant's poison
             ... on level 3 of the Dungeon.
             The game lasted 00:03:07 (2195 turns).

nht the Archer (Centaur Hunter)                     Turns: 2195, Time: 00:03:07

Health: 0/41       AC:  6    Str: 13 (16) XL:     5   Next: 57%
Magic:  5/5        EV:  9    Int:  8 (10) God:
Gold:   112        SH:  5    Dex: 10 (11) Spells: 4/4 levels left

rFire    . . .     SeeInvis .   b - +0 short sword
rCold    + . .     Gourm    .   (no shield)
rNeg     . . .     Faith    .   h - +0 ring mail {rC+}
rPois    .         Spirit   .   (no helmet)
rElec    .         Reflect  +   j - +0 cloak
rCorr    .         Harm     .   (no gloves)
MR       .....                  (no barding)
Stlth    ..........             e - +5 amulet of reflection
HPRegen  0.13/turn              o - +1 ring of evasion
MPRegen  0.09/turn              (no ring)

@: lethally poisoned (0 -> -2), hasted, very quick
A: large, hooves 3, agile 1, deformed body, speed 2, tough skin 3, evolution 1
a: no special abilities


You were on level 3 of the Dungeon.
You were not hungry.

You visited 1 branch of the dungeon, and saw 4 of its levels.

You collected 112 gold pieces.

Inventory:

Hand Weapons
 a - a +1 shortbow
 b - a +0 short sword (weapon)
Missiles
 d - 12 arrows
Armour
 h - a +0 ring mail of cold resistance (worn)
 j - a +0 cloak (worn)
Jewellery
 e - a +5 amulet of reflection (around neck)
 o - a +1 ring of evasion (left hand)
Scrolls
 i - 4 scrolls of identify {unknown}
 l - a scroll of fear {unknown}
 m - 2 scrolls of blinking {unknown}
 n - a scroll of teleportation {unknown}
 p - 3 scrolls of amnesia {unknown}
Potions
 k - a potion of degeneration
Comestibles
 c - 9 chunks of flesh
 f - 6 rations


   Skills:
 - Level 2.0 Fighting
 + Level 9.1 Bows
 - Level 1.3 Dodging
 - Level 0.4 Stealth


You had 4 spell levels left.
You didn't know any spells.

Dungeon Overview and Level Annotations

Branches:
Dungeon (4/15)
 Temple: D:4-7

Altars:
Ashenzari
Trog


Innate Abilities, Weirdness & Mutations

You have hooves in place of feet.
Armour fits poorly on your strangely shaped body.
You cover ground very quickly.
You have extremely tough skin. (AC +3)
You are agile. (Dex +2)
You evolve.


Message History

Some of the chunks of flesh in your inventory have rotted away.
Found a stone staircase leading down.
Found a stone staircase leading down.
* * * LOW HITPOINT WARNING * * *
You feel sick.
There is a stone staircase leading down here.
You climb downwards.
You hear the sound of rushing water.
There is an entrance to a sewer on this level.
Hurry and find it before the portal rusts away!
A leopard gecko comes into view.
* * * LOW HITPOINT WARNING * * *
You feel sick.
The leopard gecko hisses angrily.
Found a bardiche.
There is a stone staircase leading up here.
You climb upwards.
There is a stone staircase leading down here.
Unknown command.
There is a stone staircase leading down here.
You die...

█.██.██.█. █.██.██.█.
█.██.██.█. █.......█.
████..█... █....██
█.█.██ █.█.█ █
█.█.███
████████████.....)
█@.>......████████
█.███████.█ █ ...█
█.█ █.████ ██.██████
.. █.......█ .█
███..████.█
██.█....██.█
████████.█..██.██.█
█.....█.███.██.██.███
█......██ ██.........
█.....██ ██........


There were no monsters in sight!

Vanquished Creatures
  2 orc wizards (D:3)
  8 adders
  An ooze (D:2)
  2 worms
  A dart slug (D:3)
  2 leopard geckos
  8 orcs (D:3)
  A ball python (D:2)
  2 giant cockroaches (D:2)
  8 goblins
  8 hobgoblins
  13 kobolds
  A quokka (D:3)
  8 bats
  4 frilled lizards
  A jackal skeleton (D:2)
  8 rats
78 creatures vanquished.

Notes
Turn   | Place    | Note
-------+----------+-------------------------------------------
     0 | D:1      | nht the Centaur Hunter began the quest for the Orb.
     0 | D:1      | Reached XP level 1. HP: 17/17 MP: 1/1
    62 | D:1      | Reached XP level 2. HP: 21/24 MP: 2/2
    91 | D:1      | Reached skill level 6 in Bows
   717 | D:2      | Reached XP level 3. HP: 29/29 MP: 3/3
   844 | D:2      | Reached skill level 7 in Bows
   971 | D:2      | Gained mutation: You do not regenerate when monsters are visible. [potion of mutation]
   971 | D:2      | Lost mutation: You do not regenerate when monsters are visible. [potion of mutation]
   971 | D:2      | Gained mutation: You are agile. (Dex +2) [potion of mutation]
   971 | D:2      | Gained mutation: You evolve. [potion of mutation]
   972 | D:2      | HP: 1/29 [poisoned by an adder]
  1013 | D:2      | Reached XP level 4. HP: 26/36 MP: 4/4
  1129 | D:2      | Reached skill level 8 in Bows
  1716 | D:3      | Found a bloodstained altar of Trog.
  1795 | D:3      | Reached XP level 5. HP: 23/41 MP: 5/5
  1906 | D:3      | Reached skill level 9 in Bows
  1939 | D:3      | Found a shattered altar of Ashenzari.
  2181 | D:3      | HP: 2/41 [poisoned by a worker ant]
  2190 | D:4      | HP: 1/41 [poisoned by a worker ant]
  2195 | D:3      | Succumbed to a worker ant's poison

Vault maps used:
D:1:      lemuel_arrival_broad_hall, minmay_small_reverse_x
D:3:      lemuel_crystal_altar, ashenzari_altar_1, first_ration
D:4:      kennysheep_little_box, lightli_sewer_entry_pipes, serial_forest,
          infiniplex_forest_clump_medium, infiniplex_forest_end_double,
          infiniplex_forest_clump_tiny, infiniplex_forest_zigzag_2,
          infiniplex_forest_straight_3, infiniplex_forest_clump_C,
          infiniplex_forest_end_2, infiniplex_forest_lined_ring,
          infiniplex_forest_lined_room_2

Skill      XL: |  1  2  3  4  5 |
---------------+----------------+-----
Bows           | 6 7 8 9 |  9.1
Fighting       | |  2.0
Dodging        | |  1.3
Stealth        | |  0.4

Action                   |  1- 3 |  4- 6 || total
-------------------------+-------+-------++-------
Melee: Kick              |     1 |    19 ||    20
       Shortbow          |     1 |       ||     1
       Short sword       |       |    94 ||    94
       Unarmed           |       |     1 ||     1
 Fire: Shortbow          |   106 |    46 ||   152
  Use: Potion            |     4 |     6 ||    10
       Scroll            |       |     1 ||     1
 Stab: Invisible         |       |     3 ||     3
  Eat: Chunk             |       |     2 ||     2
Armor: Leather armour    |    19 |    14 ||    33
       Ring mail         |       |    13 ||    13
Dodge: Dodged            |    28 |    53 ||    81
Block: Other             |       |    13 ||    13

Table legend:
 A = Spawn XP
 B = Non-spawn XP
 C = Spawn XP percentage of total XP
 D = Spawn monster count
 E = Non-spawn monster count
 F = Spawn count percentage of total count
 G = Total turns spent on level
                    A         B        C        D         E        F      G
               +---------+---------+-------+---------+---------+-------+---------
         Total |       0 |     301 |   0.0 |       0 |      78 |   0.0 |  2195
               +---------+---------+-------+---------+---------+-------+---------
           D:1 |       0 |      37 |   0.0 |       0 |      24 |   0.0 |   726
           D:2 |       0 |     143 |   0.0 |       0 |      32 |   0.0 |   974
           D:3 |       0 |     121 |   0.0 |       0 |      22 |   0.0 |   493
               +---------+---------+-------+---------+---------+-------+---------
